Map: Blackburn LE

Players

Probe

  • Race: Protoss Protoss

Seither - Winner!

  • Race: Terran Terran

Event: DreamHack SC2 Masters 2021 Fall

VOD

Have the link to the VOD?

Description

Time

  • Played on: July 30, 2021, 5:01 a.m.
  • Length: 10:19

All games in this series

Show
View Real Time Build Order
Export as new Build Order

Probe Protoss 

Build Orders: 1 Gate Expand, Phoenix Opening, Colossus Rush 

Get SALT Encoding   

  12  0:00  Probe  
  13  0:12  Probe  
  14  0:21  Pylon  
  14  0:24  Probe  
  15  0:39  Gateway, Probe (Chrono Boost)  
  16  0:48  Assimilator, Probe (Chrono Boost)  
  17  0:53  Probe  
  18  1:05  Probe  
  19  1:17  Probe  
  20  1:24  Nexus  
  20  1:33  Cybernetics Core  
  20  1:36  Probe  
  21  1:44  Assimilator  
  21  1:48  Probe  
  21  1:52  Pylon  
  22  2:00  Probe (Chrono Boost)  
  23  2:07  Adept (Chrono Boost)  
  23  2:12  Probe (Chrono Boost)  
  26  2:21  Probe (Chrono Boost)  
  27  2:25  Stargate  
  27  2:26  Probe  
  28  2:31  Adept  
  28  2:36  Probe (Chrono Boost)  
  31  2:38  Warp Gate  
  31  2:44  Probe (Chrono Boost)  
  32  2:48  Probe (Chrono Boost)  
  34  2:53  Probe x2 (Chrono Boost)  
  35  3:01  Adept  
  35  3:03  Probe x2  
  39  3:08  Phoenix (Chrono Boost)  
  41  3:14  Pylon  
  41  3:15  Probe x2  
  43  3:24  Phoenix (Chrono Boost)  
  45  3:27  Probe  
  45  3:32  Probe  
  45  3:33  Pylon  
  47  3:39  Probe  
  48  3:44  Probe  
  49  3:50  Phoenix  
  49  3:51  Probe  
  52  3:56  Robotics Facility, Probe  
  52  3:57  Assimilator  
  52  3:59  Assimilator  
  52  4:00  Gateway  
  53  4:03  Shield Battery  
  53  4:08  Shield Battery  
  53  4:09  Pylon  
  53  4:10  Probe  
  53  4:11  Probe  
  53  4:17  Phoenix  
  57  4:22  Probe  
  57  4:24  Probe  
  59  4:27  Stalker  
  61  4:34  Probe  
  61  4:36  Probe  
  63  4:41  Immortal (Chrono Boost)  
  67  4:46  Pylon, Robotics Bay  
  67  4:51  Zealot  
  69  4:55  Probe  
  69  4:59  Pylon  
  70  5:04  Phoenix, Probe  
  73  5:12  Stalker x2  
  77  5:16  Observer  
  77  5:18  Probe x2  
  77  5:20  Pylon  
  80  5:26  Gateway  
  80  5:29  Forge  
  80  5:30  Probe x2  
  80  5:34  Colossus (Chrono Boost)  
  82  5:41  Sentry  
  90  5:55  Protoss Ground Weapons Level 1 (Chrono Boost)  
  90  6:02  Twilight Council  
  90  6:07  Pylon, Nexus  
  90  6:08  Pylon  
  90  6:09  Pylon, Sentry  
  92  6:14  Zealot  
  90  6:25  Probe x2  
  92  6:26  Colossus (Chrono Boost)  
  92  6:27  Pylon  
  98  6:40  Charge (Chrono Boost)  
  98  6:47  Gateway  
  98  6:49  Gateway, Probe x2  
  98  6:51  Gateway  
  98  6:52  Shield Battery  
  98  6:53  Extended Thermal Lance (Chrono Boost)  
  100  7:03  Zealot  
  100  7:04  Zealot x2  
  106  7:14  Gateway  
  106  7:15  Gateway  
  105  7:19  Colossus (Chrono Boost)  
  111  7:24  Probe x2  
  111  7:27  Probe  
  111  7:28  Sentry  
  112  7:41  Zealot x3  
  116  7:48  Probe x2  
  118  7:52  Protoss Ground Armor Level 1  
  118  7:57  Pylon, Templar Archives  
  116  8:02  Pylon  
  116  8:03  Stalker x4  
  124  8:18  Pylon  
  124  8:19  Pylon  
  120  8:20  Zealot x4  
  120  8:22  Blink (Chrono Boost)  
  128  8:29  Shield Battery  
  128  8:33  Stalker x2, Zealot  
  128  8:34  Zealot  
  136  8:38  Assimilator, Probe x2  
  136  8:39  Assimilator  
  136  8:40  Probe  
  137  8:52  Zealot x4  
  145  8:56  Shield Battery  
  145  8:59  Shield Battery  
  145  9:01  Shield Battery  
  134  9:15  Zealot x5  
  134  9:16  Zealot x2  
  146  9:23  Zealot  
  104  9:39  Zealot x7  
  104  9:40  Disruptor (Chrono Boost)  
  71  9:54  Probe  
Show
View Real Time Build Order
Export as new Build Order

Seither Terran - Winner!

Build Orders:  

Get SALT Encoding   

  12  0:00  SCV  
  13  0:12  SCV  
  14  0:17  Supply Depot  
  14  0:24  SCV  
  15  0:39  SCV  
  15  0:40  Barracks  
  16  0:44  Refinery  
  16  0:51  SCV  
  17  1:03  SCV  
  18  1:15  SCV  
  19  1:28  Marine, Orbital Command  
  20  1:46  Command Center  
  20  1:55  Barracks Reactor  
  20  1:56  SCV  
  21  2:03  Barracks  
  21  2:11  SCV  
  21  2:14  Supply Depot  
  22  2:23  SCV  
  23  2:30  Barracks  
  23  2:35  Marine x2, SCV  
  26  2:47  SCV  
  26  2:50  Barracks Tech Lab  
  27  2:53  Marine x2  
  29  2:58  Orbital Command  
  29  3:00  SCV  
  30  3:08  Stimpack  
  30  3:09  Marine  
  30  3:11  Marine x2  
  33  3:14  SCV  
  33  3:18  Barracks Tech Lab  
  34  3:24  Engineering Bay  
  34  3:30  Marine x2  
  36  3:35  SCV  
  36  3:36  SCV  
  37  3:44  Marine x2, Combat Shield  
  37  3:48  SCV x2  
  40  3:52  Marine x2  
  40  3:54  Supply Depot  
  41  4:00  SCV x2  
  43  4:05  Marine x2  
  45  4:10  Marine  
  45  4:15  Marine, SCV x2, Factory  
  49  4:17  Terran Infantry Weapons Level 1  
  49  4:22  Supply Depot  
  49  4:25  Refinery  
  49  4:30  SCV  
  49  4:31  Refinery, SCV  
  51  4:32  Marine  
  51  4:33  Marine  
  51  4:39  Marine  
  51  4:43  SCV x2  
  51  4:44  Supply Depot  
  52  4:48  Marine  
  53  4:54  Supply Depot  
  53  4:55  SCV x2  
  53  4:57  Marine x3  
  58  5:07  SCV x2  
  58  5:12  Factory Reactor  
  58  5:13  Starport  
  60  5:18  Marine  
  60  5:19  SCV x2, Marauder x2  
  67  5:26  Supply Depot  
  67  5:31  SCV x2  
  68  5:39  Marine x2  
  68  5:40  Marauder x2  
  74  5:43  SCV x2  
  74  5:45  Missile Turret  
  73  5:59  SCV x2, Factory Tech Lab  
  73  6:00  Medivac  
  73  6:01  Supply Depot, Medivac  
  79  6:11  SCV x2  
  81  6:20  Siege Tank  
  81  6:21  Terran Infantry Armor Level 1  
  81  6:23  Refinery, Supply Depot  
  84  6:27  Marauder x2  
  84  6:28  Marine x2  
  84  6:31  SCV x2  
  92  6:36  Supply Depot  
  92  6:41  Medivac x2  
  92  6:43  SCV x2  
  92  6:46  Supply Depot  
  98  6:52  Marauder  
  98  6:54  Marauder  
  102  6:58  Siege Tank  
  105  7:03  Supply Depot  
  106  7:08  SCV x2  
  107  7:17  Viking  
  107  7:18  Viking  
  107  7:20  Supply Depot  
  111  7:32  Siege Tank  
  114  7:41  Marine x2, Marauder x2  
  120  7:44  Supply Depot  
  120  7:45  Supply Depot  
  120  7:51  Viking x2  
  124  8:06  Command Center  
  124  8:08  Marine  
  124  8:09  Marine, Marauder x2  
  129  8:23  Viking  
  129  8:24  Viking  
  133  8:28  Barracks  
  133  8:30  Barracks  
  133  8:36  Siege Tank  
  133  8:53  Viking  
  133  8:54  Viking  
  124  9:08  Siege Tank  
  121  9:21  Marine  
  121  9:22  Marauder x2  
  121  9:23  Viking  
  121  9:24  Viking  
  113  9:38  Orbital Command  
  113  9:40  Siege Tank  
  100  9:53  Marine  
  100  9:54  Marauder x2  

Tags
 
Add a new tag
Caveats
  • Supply blocks, unpowered buildings, or Contaminate may cause inaccurate times.
  • Supply counts are checked every 10 seconds.